 Dungeon Crawl Stone Soup version 0.30-a0-165-g1891117ce2 (webtiles) character file.

Game seed: 4287015482929267071

590 qw the Chopper (level 7, -4/43 HPs)
             Began as a Gargoyle Fighter on Sept 28, 2022.
             Was an Initiate of Okawaru.
             Slain by a gnoll bouda
             ... wielding a +0 club
              (6 damage)
             ... on level 5 of the Dungeon.
             The game lasted 00:01:22 (5613 turns).

qw the Chopper (Gargoyle Fighter)                   Turns: 5613, Time: 00:01:22

Health: -4/43      AC: 12    Str: 21    XL:     7   Next: 38%
Magic:  7/7        EV:  9    Int:  9    God:    Okawaru [......]
Gold:   289        SH:  4    Dex:  9    Spells: 6/6 levels left

rFire   . . .      SeeInvis .    Y - +0 war axe
rCold   . . .      Faith    .    c - +0 buckler
rNeg    + . .      Spirit   .    b - +0 scale mail
rPois   inf        Reflect  .    (no helmet)
rElec   +          Harm     .    h - +0 cloak
rCorr   .          Rampage  .    (no gloves)
Will    .....                    (no boots)
Stlth   ..........               (no amulet)
HPRegen 0.14/turn                (no ring)
MPRegen 0.10/turn                (no ring)

@: weakened
A: sickness immunity, AC +4, negative energy resistance 1, electricity
resistance, torment resistance 1, petrification resistance
a: Renounce Religion


You were on level 5 of the Dungeon.
You worshipped Okawaru.
Okawaru was noncommittal.
You visited 2 branches of the dungeon, and saw 6 of its levels.

You collected 289 gold pieces.


Innate Abilities, Weirdness & Mutations

You are immune to sickness and miasma.
Your stone body is resilient. (AC +4)
You are immune to poison.
You resist negative energy. (rN+)
You are resistant to electric shocks. (rElec)
You are resistant to unholy torment.
You are immune to petrification.


   Skills:
 - Level 4.0 Fighting
 + Level 6.8 Axes
 - Level 3.2 Armour
 - Level 1.0 Dodging
 - Level 3.2 Shields


You had 6 spell levels left.
You didn't know any spells.
Your spell library was empty.

Inventory:

Hand Weapons
 k - a +0 hand axe of flaming
 Y - a +0 war axe (weapon)
Missiles
 l - 2 boomerangs (quivered)
Armour
 b - a +0 scale mail (worn)
 c - a +0 buckler (worn)
 h - a +0 cloak (worn)
Jewellery
 g - a ring of fire
Scrolls
 a - 3 scrolls of identify
 o - a scroll of immolation {unknown}
 p - a scroll of poison {unknown}
Potions
 d - 2 potions of might
 e - 4 potions of mutation
 f - 2 potions of curing
 i - 2 potions of haste
 j - a potion of lignification {unknown}
 m - 2 potions of attraction
 n - a potion of berserk rage {unknown}
 q - a potion of degeneration {unknown}

Dungeon Overview and Level Annotations

Branches:
Dungeon (5/15)             Temple (1/1) D:4

Altars:
Ashenzari
Dithmenos
Elyvilon
Gozag
Hepliaklqana
Kikubaaqudgha
Makhleb
Nemelex Xobeh
Okawaru
Qazlal
Ru
Sif Muna
Trog
Uskayaw
Vehumet
Wu Jian
Xom
Zin
The Shining One


Message History

You barely miss the gnoll. The gnoll completely misses you.
A gnoll comes into view. It is wielding a +0 flail.
The gnoll shouts!
You slash the gnoll!
The gnoll is almost dead.
The gnoll hits you from afar with a +0 halberd!
The gnoll closely misses you.
A gnoll bouda comes into view. It is wielding a +0 club.
The gnoll barely misses you. The gnoll closely misses you.
You slash the gnoll!
You kill the gnoll!
Okawaru accepts your kill.
The gnoll hits you from afar with a +0 halberd!
The gnoll hits you with a +0 halberd.
Things that are here:
a +0 whip; a +0 spear You hit the gnoll.
The gnoll is moderately wounded.
The gnoll bouda barks out a call to the hunt!
The gnolls pick up the pace!
The gnoll hits you but does no damage.
You closely miss the gnoll.
The gnoll is moderately wounded.
The gnoll hits you from afar with a +0 halberd!
You closely miss the gnoll bouda. You block the gnoll's attack.
A gnoll comes into view. It is wielding a +0 spear.
You hit the gnoll bouda.
The gnoll bouda is moderately wounded.
The gnoll bouda gazes fiercely through you!
You feel your attacks grow feeble.
The gnoll bouda hits you with a +0 club.
The gnoll barely misses you.
The gnoll bouda hits you but does no damage.
You hit the gnoll bouda.
The gnoll bouda is heavily wounded.
The gnoll hits you from afar with a +0 halberd.
The gnoll bouda hits you with a +0 club.
You die...

#.# #.# #.#
#.## #.# #...
#.# #### #.#
#.# #.#
####g#######.#
....ggg@.....#
##############


You could see a gnoll bouda and 3 gnolls.

Vanquished Creatures
  A black bear (D:5)
  An ogre (D:5)
  A necrophage (D:5)
  A scorpion (D:4)
  A hound (D:3)
  A jelly (D:5)
  An orc priest (D:4)
  Natasha (twice) (D:2)
  An orc wizard (D:3)
  2 gnolls (D:5)
  4 adders
  A white imp (D:4)
  2 worms (D:2)
  2 dart slugs
  9 orcs
  5 ball pythons
  4 bats
  3 endoplasms
  5 giant cockroaches
  3 goblins
  3 hobgoblins
  4 jackals (D:4)
  5 kobolds
  3 quokkas
  A frilled lizard (D:1)
  3 rats
69 creatures vanquished.

Notes
Turn   | Place    | Note
-------+----------+-------------------------------------------
     0 | D:1      | qw the Gargoyle Fighter began the quest for the Orb.
     0 | D:1      | Reached XP level 1. HP: 14/14 MP: 1/1
     0 | D:1      | 0 ||| qw: Version: 0.2-a-12-gaebbb33
     0 | D:1      | 0 ||| qw: Game counter: 914
     0 | D:1      | 0 ||| qw: Always use a shield: true
     0 | D:1      | 0 ||| qw: God list: Okawaru
     0 | D:1      | 0 ||| qw: Allow faded altars: false
     0 | D:1      | 0 ||| qw: Do Orc after D:15 true
     0 | D:1      | 0 ||| qw: Do second Lair branch before Depths: true
     0 | D:1      | 0 ||| qw: Lair rune preference: random
     0 | D:1      | 0 ||| qw: Plans: Normal, Zot:1-4, God:TSO, Crypt, Tomb,
                  | Pan, Slime:5, Hells, Abyss, Orb
     0 | D:1      | 0 ||| PLANNING D:1-11
    26 | D:1      | Reached skill level 2 in Axes
    27 | D:1      | 27 ||| Stepping ~*~*~tactically~*~*~ (stealth).
   131 | D:1      | Reached XP level 2. HP: 18/19 MP: 2/2
   660 | D:1      | 660 ||| DROPPING +0 club.
   930 | D:1      | 930 ||| READING scroll labelled PAUCUUMEPYI.
   931 | D:1      | 931 ||| READING 3 scrolls labelled MIAZUOCINU.
   932 | D:1      | 932 ||| DROPPING 2 scrolls of blinking.
   973 | D:2      | 973 ||| Stepping ~*~*~tactically~*~*~ (stealth).
   976 | D:2      | 976 ||| Stepping ~*~*~tactically~*~*~ (stealth).
   989 | D:2      | Reached skill level 3 in Axes
   989 | D:2      | Reached XP level 3. HP: 14/23 MP: 3/3
  1028 | D:2      | 1028 ||| FLEEEEING.
  1029 | D:2      | 1029 ||| FLEEEEING.
  1030 | D:2      | 1030 ||| FLEEEEING.
  1032 | D:2      | 1032 ||| STAIRDANCE
  1119 | D:2      | 1119 ||| Stepping ~*~*~tactically~*~*~ (stealth).
  1130 | D:2      | 1130 ||| Stepping ~*~*~tactically~*~*~ (stealth).
  1131 | D:2      | 1131 ||| Stepping ~*~*~tactically~*~*~ (stealth).
  1132 | D:2      | 1132 ||| FLEEEEING.
  1133 | D:2      | 1133 ||| FLEEEEING.
  1134 | D:2      | 1134 ||| FLEEEEING.
  1135 | D:2      | 1135 ||| STAIRDANCE
  1407 | D:2      | 1407 ||| Stepping ~*~*~tactically~*~*~ (hiding).
  1825 | D:2      | Noticed Natasha
  1826 | D:2      | 1826 ||| Stepping ~*~*~tactically~*~*~ (hiding).
  1834 | D:2      | Killed Natasha
  1835 | D:2      | Reached skill level 4 in Axes
  1835 | D:2      | Reached XP level 4. HP: 28/28 MP: 4/4
  2082 | D:2      | 2082 ||| READING scroll labelled YWKUPLU PAGU.
  2172 | D:2      | Noticed Natasha
  2181 | D:2      | Killed Natasha
  2253 | D:2      | 2253 ||| READING scroll labelled LEUD TAFFI.
  2254 | D:2      | 2254 ||| DRINKING 4 fuming amethyst potions.
  2255 | D:2      | 2255 ||| DRINKING 2 inky potions.
  2256 | D:2      | 2256 ||| DRINKING 2 bubbling blue potions.
  2257 | D:2      | 2257 ||| READING 3 scrolls of identify.
  2257 | D:2      | 2257 ||| IDENTIFYING fuming grey potion
  2258 | D:2      | 2258 ||| READING 2 scrolls of identify.
  2258 | D:2      | 2258 ||| IDENTIFYING black potion
  2259 | D:2      | 2259 ||| DROPPING potion of flight.
  2409 | D:3      | 2409 ||| DRINKING 3 potions of curing.
  2409 | D:3      | 2409 ||| (to cure confusion)
  2420 | D:3      | Reached XP level 5. HP: 21/32 MP: 5/5
  2671 | D:3      | Found a burning altar of Makhleb.
  2694 | D:3      | Found an opulent altar of Gozag.
  3158 | D:3      | 3158 ||| READING 2 scrolls of identify.
  3158 | D:3      | 3158 ||| IDENTIFYING fuming silvery potion
  3192 | D:3      | 3192 ||| Stepping ~*~*~tactically~*~*~ (stealth).
  3353 | D:4      | Reached skill level 5 in Axes
  3521 | D:4      | HP: 4/32 [orc priest/+0 hand axe of flaming (5)]
  3522 | D:4      | 3522 ||| DRINKING potion of heal wounds.
  3531 | D:4      | Reached XP level 6. HP: 11/38 MP: 6/6
  3531 | D:4      | HP: 3/38 [orc/+0 flail (8)]
  3532 | D:4      | HP: 1/38 [orc/+0 flail (2)]
  3836 | D:4      | 3836 ||| DROPPING +0 whip.
  3839 | D:4      | 3839 ||| DROPPING +0 flail.
  3913 | D:4      | Found a staircase to the Ecumenical Temple.
  3914 | D:4      | 3914 ||| PLANNING TEMPLE
  3914 | D:4      | 3914 ||| FLEEEEING.
  3915 | D:4      | 3915 ||| FLEEEEING.
  3916 | D:4      | 3916 ||| FLEEEEING.
  3917 | D:4      | 3917 ||| STAIRDANCE
  3919 | D:3      | 3919 ||| READING scroll labelled ECAITA YPETO.
  3920 | D:3      | 3920 ||| READING scroll labelled AGOJABB ZUENAOTH.
  3930 | D:4      | 3930 ||| STAIRDANCE
  3935 | D:3      | Reached skill level 1 in Dodging
  4000 | Temple   | Entered the Ecumenical Temple
  4002 | Temple   | 4002 ||| PLANNING OKAWARU WORSHIP
  4045 | Temple   | Became a worshipper of Warmaster Okawaru
  4046 | Temple   | 4046 ||| PLANNING D:1-11
  4078 | D:4      | Found a glowing silver altar of Zin.
  4473 | D:4      | 4473 ||| Stepping ~*~*~tactically~*~*~ (hiding).
  4474 | D:4      | 4474 ||| Stepping ~*~*~tactically~*~*~ (hiding).
  4477 | D:4      | 4477 ||| Stepping ~*~*~tactically~*~*~ (hiding).
  4478 | D:4      | 4478 ||| Stepping ~*~*~tactically~*~*~ (hiding).
  4588 | D:4      | Found a glowing silver altar of Zin.
  4604 | D:4      | Found a snail-covered altar of Cheibriados.
  4604 | D:4      | Found a sacrificial altar of Ru.
  4606 | D:4      | Found a sacrificial altar of Ru.
  4606 | D:4      | Found an iron altar of Okawaru.
  4606 | D:4      | Found a shimmering altar of Xom.
  4730 | D:4      | 4730 ||| UPGRADING to +0 cloak.
  4735 | D:4      | 4735 ||| DROPPING amulet of magic regeneration.
  4739 | D:5      | Entered Level 5 of the Dungeon
  4785 | D:5      | Noticed a black bear
  4792 | D:5      | Killed a black bear
  4793 | D:5      | Reached skill level 6 in Axes
  4999 | D:5      | Found a hazy altar of Hepliaklqana.
  5074 | D:5      | Reached XP level 7. HP: 43/43 MP: 7/7
  5610 | D:5      | HP: 9/43 [gnoll/+0 halberd[a gnoll bouda] (8)]
  5613 | D:5      | HP: 2/43 [gnoll/+0 halberd[a gnoll bouda] (6)]
  5613 | D:5      | Slain by a gnoll bouda

Levels and vault maps discovered:
D:1:      ncdulo_lavacross, layout_loops_corners, supply_closet_lemuel,
          minmay_3d_cube
D:2:      layout_loops_ring, uniq_natasha
D:3:      layout_basic, mainiacjoe_overflow_surrounded_room,
          nicolae_gozag_cash_rules_everything_around_me
D:4:      layout_cave_pods, doesnt_xom_only_xom,
          mainiacjoe_overflow_cross_hatched, minmay_temple_entry_trees,
          grunt_ministairs_14, roderic_roman_lattice
D:5:      layout_basic, mainiacjoe_overflow_alcove_2
Temple:   nicolae_temple_ecumenical_triangle

Skill      XL: |  1  2  3  4  5  6 |
---------------+-------------------+-----
Axes           | 2 3 4 5 6 |  6.8
Fighting       | 4 |  4.0
Dodging        | 1 |  1.0
Armour         | |  3.2
Shields        | |  3.2

Action                   |  1- 3 |  4- 6 |  7- 9 || total
-------------------------+-------+-------+-------++-------
Melee: War axe           |    80 |   115 |    30 ||   225
Throw: Boomerang         |       |     1 |     4 ||     5
  Use: Scroll            |     2 |     7 |       ||     9
       Potion            |       |     5 |       ||     5
Armor: Scale mail        |    34 |    66 |    13 ||   113
Dodge: Dodged            |    39 |    58 |    12 ||   109
Block: Buckler           |    13 |    23 |     1 ||    37

Table legend:
 A = Non-vault XP
 B = Vault XP
 C = Vault XP percentage of total XP
 D = Non-vault monster count
 E = Vault monster count
 F = Vault count percentage of total count
                 A         B        C        D         E       F
            +---------+---------+-------+---------+---------+-------
      Total |     796 |      47 |   5.6 |      61 |       8 |  11.6
            +---------+---------+-------+---------+---------+-------
        D:1 |      18 |       2 |  10.0 |       9 |       2 |  18.2
        D:2 |      88 |      35 |  28.5 |      13 |       1 |   7.1
        D:3 |     113 |       0 |   0.0 |      15 |       0 |   0.0
        D:4 |     177 |      10 |   5.3 |      18 |       5 |  21.7
        D:5 |     400 |       0 |   0.0 |       6 |       0 |   0.0
            +---------+---------+-------+---------+---------+-------
